 Dungeon Crawl Stone Soup version 0.26-a0-663-g36e8fdb655 (webtiles) character file.

Game seed: 2635155320307304455

24 Grim the Sneak (level 2, 0/13 HPs)
             Began as a Spriggan Enchanter on Oct 11, 2020.
             Killed from afar by a dart slug (5 damage)
             ... with a slug dart
             ... on level 1 of the Dungeon.
             The game lasted 00:02:13 (1105 turns).

Grim the Sneak (Spriggan Enchanter)                 Turns: 1105, Time: 00:02:13

Health: 0/13       AC:  2    Str:  4    XL:     2   Next: 79%
Magic:  3/6        EV: 18    Int: 16    God:
Gold:   47         SH:  0    Dex: 16    Spells: 3/6 levels left

rFire    . . .     SeeInvis +   a - +1 dagger
rCold    + . .     Faith    .   (shield restricted)
rNeg     . . .     Spirit   .   b - +0 robe
rPois    .         Reflect  .   (helmet restricted)
rElec    .         Harm     .   (no cloak)
rCorr    .         Rampage  .   (gloves unavailable)
MR       .....                  (boots unavailable)
Stlth    +++.......             (no amulet)
HPRegen  0.04/turn              c - ring of protection from cold
MPRegen  0.10/turn              (no ring)

@: very quick
A: very small, unfitting armour, see invisible, speed 3
a: no special abilities


You were on level 1 of the Dungeon.
You visited 1 branch of the dungeon, and saw 1 of its levels.

You collected 47 gold pieces.

Inventory:

Hand Weapons
 a - a +1 dagger (weapon)
Armour
 b - a +0 robe (worn)
Jewellery
 c - a ring of protection from cold (left hand)
Scrolls
 h - a scroll of noise {unknown}
 i - a scroll of identify {unknown}
Potions
 d - a potion of resistance {unknown}
 e - a potion of invisibility {unknown}
 f - a potion of mutation {unknown}
 g - a potion of haste {unknown}


   Skills:
 - Level 1.1 Short Blades
 - Level 3.0 Dodging
 + Level 5.0 Stealth
 - Level 2.6 Spellcasting
 * Level 4.6 Hexes


You had 3 spell levels left.
You knew the following spells:

 Your Spells              Type           Power        Failure   Level
a - Corona                Hex            ###....      3%          1
b - Ensorcelled Hibernat  Hex/Ice        #.....       12%         2

Your spell library contained the following spells:

 Spells                   Type           Power        Failure   Level
 Confusing Touch          Hex            ###.....     9%          3
 Tukima's Dance           Hex            ###.....     9%          3
 Dazzling Flash           Conj/Hex       #.....       22%         3


Dungeon Overview and Level Annotations

Branches:
Dungeon (1/15)

Altars:


Innate Abilities, Weirdness & Mutations

You are very small and have problems with some larger weapons.
You are too small for most types of armour.
You have supernaturally acute eyesight. (SInv)
You cover ground extremely quickly.


Message History

The helpless jackal fails to defend itself.
You impale the jackal!!
You kill the jackal!
The jackal misses you. The jackal bites you.
* * * LOW HITPOINT WARNING * * *
Casting: Ensorcelled Hibernation (safe; 12% risk of failure)
Confirm with . or Enter, or press ? or * to list all spells.
Press: ? - help, Shift-Dir - straight line, f - jackal
Aim: a jackal (chance to defeat MR: 58%)
The jackal looks drowsy...
The jackal completely misses you.
The helpless jackal fails to defend itself.
You impale the jackal!!
You kill the jackal!
The jackal completely misses you.
Things that are here:
a jackal corpse; a jackal corpse A dart slug comes into view.
The dart slug launches a dart at you. The slug dart hits you.
You die...

#########..# #.##.
........#..# #....
#......hh.##### #.##. #
#.####.#...h..# #..#. #. h#
#.#..###.# ##.#.
#h###.####.#h.###.######.#.
#h..†.#....#......#...##.#.
#####...####.#.....##...#....
#...h.......@#..........#....
#.#########..#.....#.........
#.......†....................
#..########...........#.#....
#..##...###...>..............
#...........#.....###........
##............w..............
#####(...........#.#.÷......
#............#.#.###....


You could see a dart slug and a jackal.

Vanquished Creatures
  2 dart slugs (D:1)
  3 giant cockroaches (D:1)
  2 goblins (D:1)
  3 hobgoblins (D:1)
  3 jackals (D:1)
  3 bats (D:1)
  A frilled lizard (D:1)
  A kobold (D:1)
18 creatures vanquished.

Notes
Turn   | Place    | Note
-------+----------+-------------------------------------------
     0 | D:1      | Grim the Spriggan Enchanter began the quest for the Orb.
     0 | D:1      | Reached XP level 1. HP: 9/9 MP: 5/5
   375 | D:1      | Reached XP level 2. HP: 9/13 MP: 4/6
   796 | D:1      | Learned a level 2 spell: Ensorcelled Hibernation
  1042 | D:1      | Reached skill level 5 in Stealth
  1105 | D:1      | Killed from afar by a dart slug

Illustrated notes

Levels and vault maps discovered:
D:1:      dpeg_arrival_castle, layout_basic

Skill      XL: |  1  2 |
---------------+-------+-----
Hexes          | 4 |  4.6
Stealth        | 5 |  5.0
Short Blades   | |  1.1
Dodging        | |  3.0
Spellcasting   | |  2.6

Action                   || total
-------------------------++-------
Melee: Dagger            ||    74
 Cast: Corona            ||    13
       Ensorcelled Hiber ||     2
 Stab: Sleeping          ||     7
Armor: Robe              ||     8
Dodge: Dodged            ||    81

Table legend: (Time is in decaauts)
 A = Elapsed time spent in this place.
 B = Non-inter-level travel time spent in this place.
 C = Inter-level travel time spent in this place.
 D = Time resting spent in this place.
 E = Time spent auto-exploring this place.
 F = Levels seen in this place.
 G = Mean time per level.
                   A        B        C        D        E       F      G
               +--------+--------+--------+--------+--------+-----+--------+
         Total |    909 |    909 |      0 |    496 |    241 |   1 |  909.0 |
       Dungeon |    909 |    909 |      0 |    496 |    241 |   1 |  909.0 |
               +--------+--------+--------+--------+--------+-----+--------+

Top non-repeatable levels by time:
     D:1: 909 daAuts
